 Seeded DCSS version 0.31-a0-237-g2d982f9f85 (webtiles) character file.

Game seed: 17534068631569876614 (custom seed)

937 innerfire43 the Cudgeller (level 7, -8/52 HPs)
             Began as a Demonspawn Monk on July 11, 2023.
             Killed by nerve-wracking pain
             ... invoked by an orc priest
              (12 damage)
             ... on level 5 of the Dungeon.
             The game lasted 00:03:48 (3043 turns).

innerfire43 the Cudgeller (Demonspawn Monk)         Turns: 3043, Time: 00:03:49

Health: -8/52      AC: 12    Str: 13    XL:     7   Next: 87%
Magic:  0/7        EV:  6    Int: 11    God:
Gold:   188        SH: 20    Dex: 19    Spells: 6/6 levels left

rFire   . . .        v - +8 whip of Havoc {heavy, Dex+3 SInv}
rCold   . . .        j - +0 tower shield
rNeg    . . .        c - +0 scale mail
rPois   .            u - +0 helmet
rElec   .            (no cloak)
rCorr   .            (no gloves)
SInv    +            (no boots)
Will    .....        s - amulet of reflection Stlth
                     f - ring of see invisible
HPRegen 0.28/turn    C - +4 ring of protection
MPRegen 0.20/turn

%: reflection, guardian spirit
@: no status effects
A: magic shield, magic regeneration, demonic magic 1
a: no special abilities


You were on level 5 of the Dungeon.
You visited 1 branch of the dungeon, and saw 5 of its levels.

You collected 188 gold pieces.

Inventory:

Hand Weapons
 a - a +0 mace
 v - the +8 whip of Havoc (weapon) {heavy, Dex+3 SInv}
   (You found it on level 3 of the Dungeon)

   Dex:       It affects your dexterity (+3).
   SInv:      It lets you see invisible.
Armour
 b - a +0 robe
 c - a +0 scale mail (worn)
 d - an orb of light
 j - a +0 tower shield (worn)
 u - a +0 helmet (worn)
Jewellery
 f - a ring of see invisible (left hand)
 l - an amulet of the acrobat
 s - an amulet of reflection (around neck)
 C - a +4 ring of protection (right hand)
Wands
 x - a wand of iceblast (8)
Scrolls
 e - 4 scrolls of amnesia {unknown}
 g - 6 scrolls of identify {unknown}
 h - 3 scrolls of immolation {unknown}
 k - a scroll of noise {unknown}
 r - a scroll of blinking {unknown}
 w - 2 scrolls of fog {unknown}
 y - a scroll of teleportation {unknown}
 A - a scroll of revelation {unknown}
 D - a scroll of fear {unknown}
Potions
 i - 2 potions of haste {unknown}
 m - 2 potions of curing {unknown}
 n - a potion of invisibility {unknown}
 o - a potion of lignification {unknown}
 p - 2 potions of heal wounds
 q - a potion of attraction {unknown}
 t - 2 potions of berserk rage {unknown}
 z - a potion of brilliance {unknown}
 B - a potion of cancellation {unknown}


   Skills:
 + Level 3.3 Fighting
 + Level 4.8 Maces & Flails
 * Level 4.6 Armour
 - Level 3.2 Dodging
 * Level 4.6 Shields


You had 6 spell levels left.
You didn't know any spells.
Your spell library was empty.

Dungeon Overview and Level Annotations

Branches:
Dungeon (5/15)
 Temple: D:4-7

Altars:
Ashenzari
Makhleb
Okawaru
Ru
Xom
Yredelemnul

Annotations:
D:4 1 runed translucent door


Innate Abilities, Weirdness & Mutations

When hurt, damage is shared between your health and your magic reserves.
You regenerate magic rapidly.
Spells you cast may paralyse adjacent enemies.


Message History

There are monsters nearby!
You block the orc's attack. You block the orc wizard's attack.
You closely miss the orc wizard. You block the orc wizard's attack.
You block the orc's attack. The orc hits you with a +0 flail.
The orc priest calls down the wrath of Beogh upon you.
Beogh smites you!
The orc wizard hits you but does no damage.
The orc hits you but does no damage. The orc hits you with a +0 flail.
You whack the orc wizard!
The orc wizard is heavily wounded.
You block the orc's attack. The orc wizard casts a spell at you.
The magic dart hits you but does no damage.
You block the orc's attack. The orc hits you but does no damage.
The orc wizard points at you and mumbles some strange words.
You block puff of flame... and reflect it back!
The puff of flame hits the orc wizard!
You kill the orc wizard!
You block the orc's attack. The orc hits you with a +0 flail!
You block the orc's attack. The orc hits you with a +0 flail.
You are too injured to fight recklessly!
You barely miss the orc priest. You block the orc priest's attack.
You block the orc's attack. The orc barely misses you. x2
The orc hits you but does no damage. The orc barely misses you.
The orc hits you with a +0 flail.
The orc priest calls down the wrath of Beogh upon you.
Beogh smites you!
* * * LOW HITPOINT WARNING * * *
The orc hits you but does no damage. The orc hits you with a +0 flail.
* * * LOW HITPOINT WARNING * * *
You whack the orc priest!
The orc priest is severely wounded.
The orc priest hits you but does no damage.
You block the orc's attack. The orc hits you with a +0 flail.
* * * LOW HITPOINT WARNING * * *
You block the orc's attack. x2; The orc barely misses you.
You block the orc's attack. The orc hits you but does no damage. x2
The orc priest mumbles some strange prayers to Beogh against you.
Pain shoots through your body!
You die...

..... ..........
...... .........
......####........
.......#.#<...#
..(.....).....#
..............##
......##.......##
....####.........
... #.o@o..###..
.. ##ooo....... .
......#...#
........##.##
..........# .#
........... #
............
............#


You could see an orc priest and 4 orcs.

Vanquished Creatures
  The ghost of AwFulAwFulPlayer the Poker, an amateur DsCK of Xom (D:4)
  An ice beast (D:5)
  An ogre (D:4)
  2 necrophages (D:4)
  3 wights (D:4)
  A human zombie (D:4)
  2 hounds
  Ijyb (D:3)
  Terence (D:2)
  An orc wizard (D:5)
  3 hound zombies (D:4)
  2 mummies (D:4)
  3 adders
  A river rat (D:4)
  An adder zombie (D:4)
  A worm (D:4)
  3 dart slugs
  3 orcs
  2 endoplasms
  3 giant cockroaches
  5 goblins
  3 hobgoblins (D:1)
  2 jackals (D:4)
  8 kobolds
  6 quokkas
  9 ball pythons
  5 bats
  5 frilled lizards
  6 rats
85 creatures vanquished.

Notes
Turn   | Place    | Note
-------+----------+-------------------------------------------
     0 | D:1      | innerfire43 the Demonspawn Monk began the quest for the
                  | Orb.
     0 | D:1      | Reached XP level 1. HP: 18/18 MP: 1/1
    39 | D:1      | Gained mutation: Spells you cast may paralyse adjacent
                  | enemies. [demonic ancestry]
    39 | D:1      | Reached XP level 2. HP: 19/24 MP: 2/2
   429 | D:1      | Reached XP level 3. HP: 29/29 MP: 3/3
   529 | D:2      | Noticed Terence
   641 | D:2      | Killed Terence
   642 | D:2      | Reached skill level 1 in Shields
   717 | D:2      | Reached skill level 1 in Armour
   983 | D:2      | Gained mutation: You regenerate magic rapidly. [demonic
                  | ancestry]
   983 | D:2      | Reached XP level 4. HP: 35/35 MP: 4/4
  1296 | D:3      | Found an iron altar of Okawaru.
  1396 | D:3      | Found a shimmering altar of Xom.
  1474 | D:3      | Identified the +8 whip of Havoc {heavy, Dex+3 SInv}
  1522 | D:3      | Found a faded altar of an unknown god.
  1618 | D:3      | Found a basalt altar of Yredelemnul.
  1618 | D:3      | Found a burning altar of Makhleb.
  1620 | D:3      | Found a broken altar of Ashenzari.
  1620 | D:3      | Found a burning altar of Makhleb.
  1620 | D:3      | Found a shimmering altar of Xom.
  1691 | D:3      | Noticed Ijyb
  1696 | D:3      | Killed Ijyb
  1703 | D:3      | Gained mutation: When hurt, damage is shared between your
                  | health and your magic reserves. [demonic ancestry]
  1703 | D:3      | Reached XP level 5. HP: 30/41 MP: 5/5
  2138 | D:4      | Found a runed translucent door.
  2142 | D:4      | Noticed AwFulAwFulPlayer's ghost (amateur DsCK)
  2262 | D:4      | Found a runed translucent door.
  2285 | D:4      | Killed AwFulAwFulPlayer's ghost
  2286 | D:4      | Reached XP level 6. HP: 30/47 MP: 6/6
  2549 | D:4      | Reached XP level 7. HP: 52/52 MP: 7/7
  2634 | D:4      | Found a basalt altar of Yredelemnul.
  2688 | D:4      | Found a sacrificial altar of Ru.
  2984 | D:5      | Entered Level 5 of the Dungeon
  3043 | D:5      | Killed from afar by an orc priest

Illustrated notes

Levels and vault maps discovered:
D:1:      shiori_arrival_maze, layout_rooms, minmay_misc_feat_diagonals,
          minmay_crystal_room
D:2:      layout_rooms, fountainhead, solitary_fountain, uniq_terence
D:3:      layout_loops_ring, doesnt_xom_only_xom, okawaru_metal_pillars_1_2,
          basic_ecumenical_altar, uniq_ijyb
D:4:      layout_loops_ring, mainiacjoe_overflow_small_starburst,
          lemuel_mausoleum_altar_yredelemnul, ebering_ghost_sewer_f
D:5:      layout_cave_pools, tgw_kikubaaqudgha, mainiacjoe_overflow_alcove_4,
          amethyst_overflow_temple_binary, ebering_ghost_rock_garden,
          grunt_decor_junction

Skill      XL: |  1  2  3  4  5  6  7 |
---------------+----------------------+-----
Maces & Flails | 3 4 |  4.8
Dodging        | 3 |  3.2
Shields        | 1 3 4 |  4.6
Armour         | 1 2 3 4 |  4.6
Fighting       | |  3.3

Action                     |  1- 3 |  4- 6 |  7- 9 || total
---------------------------+-------+-------+-------++-------
  Melee: Mace              |    83 |    41 |       ||   124
         Whip              |       |    87 |    54 ||   141
    Use: Potion            |     1 |     1 |       ||     2
 Armour: Robe              |    14 |       |       ||    14
         Scale mail        |     1 |    61 |    26 ||    88
  Dodge: Dodged            |    78 |    34 |    11 ||   123
  Block: Tower shield      |       |   128 |    65 ||   193
         Reflection        |       |       |     1 ||     1

Table legend: (Time is in decaauts)
 A = Elapsed time spent in this place.
 B = Non-inter-level travel time spent in this place.
 C = Inter-level travel time spent in this place.
 D = Time resting spent in this place.
 E = Time spent auto-exploring this place.
 F = Levels seen in this place.
 G = Mean time per level.
                   A        B        C        D        E       F      G
               +--------+--------+--------+--------+--------+-----+--------+
         Total |   3199 |   3036 |    163 |      0 |   2258 |   5 |  639.8 |
       Dungeon |   3199 |   3036 |    163 |      0 |   2258 |   5 |  639.8 |
               +--------+--------+--------+--------+--------+-----+--------+

Top non-repeatable levels by time:
     D:4: 1137 daAuts
     D:3: 818 daAuts
     D:1: 604 daAuts
     D:2: 566 daAuts
     D:5: 72 daAuts
